 Dungeon Crawl Stone Soup version 0.28.0-62-gf88900778d (webtiles) character file.

Game seed: 11957107245015433738

3170 cbfl8 the Cleaver (level 9, -3/117 HPs)
             Began as a Minotaur Fighter on June 5, 2023.
             Slain by a vault guard
             ... wielding a +0 broad axe
              (5 damage)
             ... in a bailey.
             The game lasted 00:08:10 (5764 turns).

cbfl8 the Cleaver (Minotaur Fighter)                Turns: 5764, Time: 00:08:11

Health: -3/117     AC:  9    Str: 20    XL:     9   Next: 63%
Magic:  8/8        EV: 12    Int:  5    God:
Gold:   241        SH: 11    Dex: 15    Spells: 8/8 levels left

rFire   + . .      SeeInvis .   a - +0 war axe
rCold   . . .      Faith    .   c - +0 buckler
rNeg    + . .      Spirit   .   q - +3 ring mail of Calculation {rElec rN+ rCorr}
rPois   .          Reflect  +   (helmet restricted)
rElec   +          Harm     .   (no cloak)
rCorr   +          Rampage  .   (no gloves)
Will    .....                   (no boots)
Stlth   ..........              s - amulet of reflection
HPRegen 0.29/turn               k - ring of protection from fire
MPRegen 0.11/turn               (no ring)

@: brilliant, berserking (expiring), hasted, very quick
A: horns 2, retaliatory headbutt
a: no special abilities


You were in a bailey.
You visited 1 branch of the dungeon, and saw 9 of its levels.
You also visited: Sewer, Ossuary and Bailey.

You collected 241 gold pieces.

Inventory:

Hand Weapons
 a - a +0 war axe (weapon)
Armour
 c - a +0 buckler (worn)
 m - a +0 chain mail
 q - the +3 ring mail of Calculation (worn) {rElec rN+ rCorr}
   (You found it on level 2 of the Dungeon)

   rElec:     It insulates you from electricity.
   rN:        It protects you from negative energy.
   rCorr:     It protects you from acid and corrosion.
Jewellery
 k - a ring of protection from fire (left hand)
 s - an amulet of reflection (around neck)
Scrolls
 i - 3 scrolls of enchant armour {unknown}
 l - a scroll of noise
 p - a scroll of silence
 t - a scroll of enchant weapon
 u - 2 scrolls of teleportation
 A - a scroll of blinking {unknown}
Potions
 b - a potion of flight {unknown}
 e - 2 potions of resistance
 f - a potion of berserk rage
 g - a potion of cancellation {unknown}
 h - 2 potions of mutation {unknown}
 j - 2 potions of brilliance
 n - 4 potions of lignification
 w - 2 potions of haste
 x - a potion of magic {unknown}


   Skills:
 + Level 6.8 Fighting
 + Level 10.1 Axes
 + Level 6.1 Armour
 + Level 3.7 Dodging
 + Level 7.0 Shields
 * Level 5.5 Evocations


You had 8 spell levels left.
You didn't know any spells.
Your spell library contained the following spells:

 Spells                   Type           Power      Damage    Failure   Level
 Summon Small Mammal      Summ           0%         N/A       71%         1
 Frozen Ramparts          Ice            0%         1d2       97%         3
 Polar Vortex             Ice            0%         N/A       100%        9


Dungeon Overview and Level Annotations

Branches:
Dungeon (9/15)              Sewer (visited)         Ossuary (visited)
 Bailey (1/1)
 Temple: D:4-7         Lair: D:8-11         Orc: D:9-12

Altars:
Elyvilon
Ru
The Shining One


Innate Abilities, Weirdness & Mutations

You have a pair of horns on your head.
You reflexively headbutt those who attack you in melee.


Message History

The human hits your orc warrior with a +0 war axe.
You hear a splashing noise.
Your orc warrior barely misses the human.
It was a potion of berserk rage.
A red film seems to cover your vision as you go berserk!
You feel yourself moving faster!
You feel mighty!
The human hits your gnoll with a +0 war axe!
The human closely misses your orc warrior.
Something hits your orc warrior.
You swap places.
You feel a strong urge to attack something.
You block the human's attack.
The human closely misses your orc warrior.
You barely miss the human.
Your gnoll dissolves into shadows!
The human hits you with a +0 war axe.
* * * LOW HITPOINT WARNING * * *
The human misses your orc warrior. Something hits your orc warrior!
You barely miss the human. You headbutt the human.
The human is lightly wounded.
Your orc warrior hits the human with a +2 dire flail of protection.
The human hits you with a +0 war axe.
* * * LOW HITPOINT WARNING * * *
The human hits your orc warrior with a +0 war axe.
You closely miss the human.
The human is moderately wounded.
Something hits your orc warrior but does no damage.
Your orc warrior hits the human with a +2 dire flail of protection!!
Unknown command.
You slash the human!
You kill the human!
Your Shields skill increases to level 7!
You slash something! You headbutt something! You hit something.
Something hits you!
* * * LOW HITPOINT WARNING * * *
Something hits your orc warrior!
Your orc warrior dies!
Your orc warrior's corpse dissolves into shadows!
You closely miss something. Your headbutt misses something. Something hits you.
You die...

##.††..#≈≈≈≈≈≈≈
#..)#..†..≈≈≈≈.
#...#..#.......
#.)##..#≈≈≈≈...
#...#######≈≈≈.
#####.......# ≈≈≈
##...##).....# ≈≈
#..∩.[')...#'## ≈
#...@)######o.###
#..∩..'÷≈≈##....###
##...##÷≈≈≈#.)....#
#####≈≈≈≈≈'.)...##
#≈≈≈≈≈#....##
##≈≈≈##...##
##########


There were no monsters in sight!

Vanquished Creatures
  Eustachio (D:5)
  7 humans (Bailey)
  A water moccasin (D:7)
  Pargi (Sewer)
  A hornet zombie (D:9)
  A centaur (D:7)
  An ogre (D:5)
  2 kobold brigands (D:7)
  Blork the orc (D:6)
  10 bullfrogs
  A scorpion (D:4)
  A water moccasin skeleton (D:5)
  A centaur zombie (D:9)
  A jelly (D:5)
  A bullfrog skeleton (D:7)
  A centaur skeleton (D:5)
  3 iguanas
  Terence (D:2)
  A killer bee zombie (D:5)
  2 hound skeletons
  12 mummies (Ossuary)
  2 gnolls (Bailey)
  A howler monkey skeleton (D:4)
  8 adders
  2 river rats (D:4)
  A white imp (D:5)
  An adder skeleton (D:2)
  A worm (D:4)
  2 dart slugs
  6 orcs
  12 ball pythons
  6 endoplasms
  7 giant cockroaches
  9 goblins
  8 hobgoblins
  3 jackals (D:1)
  16 kobolds
  5 quokkas
  7 bats
  6 frilled lizards
  2 gnoll skeletons (Ossuary)
  A goblin skeleton (Ossuary)
  A goblin zombie (D:5)
  3 kobold skeletons (Ossuary)
  2 orc skeletons (Ossuary)
  A quokka zombie (D:5)
  6 rats
  11 rat skeletons (Ossuary)
181 creatures vanquished.

Notes
Turn   | Place    | Note
-------+----------+-------------------------------------------
     0 | D:1      | cbfl8 the Minotaur Fighter began the quest for the Orb.
     0 | D:1      | Reached XP level 1. HP: 19/19 MP: 0/0
   115 | D:1      | Reached XP level 2. HP: 27/27 MP: 1/1
   232 | D:1      | Reached skill level 1 in Evocations
   458 | D:1      | Reached XP level 3. HP: 33/33 MP: 2/2
   791 | D:2      | Noticed Terence
   795 | D:2      | Killed Terence
   796 | D:2      | Reached skill level 3 in Axes
  1099 | D:2      | Reached XP level 4. HP: 39/40 MP: 3/3
  1159 | D:2      | Found a white marble altar of Elyvilon.
  1223 | D:2      | Identified the +3 ring mail of Calculation {rElec rN+
                  | rCorr}
  1282 | D:2      | Found a faded altar of an unknown god.
  1597 | D:3      | Got the Catalogue of Frigorific Illusion
  2035 | D:4      | Reached skill level 4 in Axes
  2070 | D:4      | Reached XP level 5. HP: 46/46 MP: 4/4
  2199 | D:4      | Found a glowing drain.
  2209 | Sewer    | Entered a sewer
  2732 | Sewer    | Noticed Pargi
  2738 | Sewer    | Killed Pargi
  2739 | Sewer    | Reached skill level 1 in Dodging
  2739 | Sewer    | Reached XP level 6. HP: 45/53 MP: 5/5
  2922 | D:4      | Reached skill level 5 in Axes
  3414 | D:5      | Entered Level 5 of the Dungeon
  3518 | D:5      | Found a sand-covered staircase.
  3533 | Ossuary  | Entered an ossuary
  3765 | Ossuary  | Reached skill level 5 in Armour
  3789 | Ossuary  | Reached XP level 7. HP: 60/60 MP: 6/6
  4133 | D:5      | Found a glowing golden altar of the Shining One.
  4174 | D:5      | Found a sacrificial altar of Ru.
  4174 | D:5      | Noticed Eustachio
  4180 | D:5      | Reached skill level 6 in Axes
  4180 | D:5      | Reached skill level 5 in Shields
  4301 | D:5      | Reached skill level 5 in Fighting
  4407 | D:5      | Killed Eustachio
  4408 | D:5      | Reached skill level 7 in Axes
  4649 | D:5      | Reached XP level 8. HP: 68/68 MP: 7/7
  4801 | D:6      | Noticed Blork the orc
  4809 | D:6      | Killed Blork the orc
  4864 | D:6      | You fall into a shaft and drop 3 floors!
  5057 | D:7      | Reached skill level 8 in Axes
  5122 | D:7      | Found a flagged portal.
  5144 | Bailey   | Entered a bailey
  5361 | Bailey   | Reached skill level 9 in Axes
  5361 | Bailey   | Reached XP level 9. HP: 36/75 MP: 8/8
  5389 | Bailey   | Reached skill level 5 in Evocations
  5718 | Bailey   | Noticed a vault guard
  5725 | Bailey   | Reached skill level 10 in Axes
  5763 | Bailey   | HP: 2/117 [something (11)]
  5764 | Bailey   | Slain by a vault guard

Illustrated notes

Levels and vault maps discovered:
D:1:      minmay_arrival_three_doors, layout_loops_cross, serial_park_tiny_1
D:2:      layout_basic, shapermc_ecumenical_altar_mp_ritualfount, basic_altar,
          grunt_ministairs_14, minmay_fractal_squares_gapless_5, uniq_terence
D:3:      layout_basic
D:4:      layout_loops_ring, portal_sewer_entry_e
D:5:      layout_gridville, lemuel_tele_altar,
          mainiacjoe_overflow_cross_hatched, enter_ossuary_4, uniq_eustachio
D:6:      layout_basic, kennysheep_generic_room_7, uniq_grinder,
          uniq_blork_the_orc
D:7:      layout_gridville, temple_statues, enter_bailey_3, minmay_manual_mess
D:8:      layout_loops_ring
D:9:      layout_stronghold, minivault_27, uniq_joseph, uniq_maurice
Bailey:   bailey_axe_froggy_fort_hellmonk, bailey

Skill      XL: |  1  2  3  4  5  6  7  8  9 |
---------------+----------------------------+-----
Evocations     | 1 2 3 4 5 |  5.5
Shields        | 4 5 6 7 |  7.0
Armour         | 4 5 6 |  6.1
Fighting       | 4 5 6 |  6.8
Axes           | 3 4 5 7 9 10 | 10.1
Dodging        | 1 2 3 |  3.7

Action                   |  1- 3 |  4- 6 |  7- 9 || total
-------------------------+-------+-------+-------++-------
Melee: War axe           |    58 |   175 |   207 ||   440
       Headbutt          |     7 |    26 |    39 ||    72
  Use: Scroll            |       |     5 |     6 ||    11
       Potion            |       |       |    11 ||    11
Armor: Scale mail        |    24 |       |       ||    24
       Chain mail        |     3 |     9 |       ||    12
       Ring mail         |       |    54 |    47 ||   101
       Skin              |       |       |    23 ||    23
Dodge: Dodged            |    27 |    57 |    79 ||   163
Block: Buckler           |    10 |    75 |   112 ||   197
       Reflection        |       |       |     3 ||     3
